 Dungeon Crawl Stone Soup version 0.18.1-2-ga659475 (webtiles) character file.

11 Chiseanne the Digger (level 2, -1/24 HPs)
             Began as a Ghoul Earth Elementalist on May 8, 2016.
             Slain by a dart slug (2 damage)
             ... on level 1 of the Dungeon.
             The game lasted 00:01:26 (531 turns).

Chiseanne the Digger (Ghoul Earth Elementalist)      Turns: 531, Time: 00:01:27

Health: -1/24      AC:  3    Str: 11    XL:     2   Next: 29%
Magic:  0/3        EV: 10    Int: 10    God:
Gold:   8          SH:  3    Dex:  9    Spells: 1 memorised, 3 levels left

rFire  . . .     SeeInvis .     (no weapon)
rCold  + . .     Gourm    .     g - +0 leather armour
rNeg   + + +     Faith    .     e - +0 buckler
rPois  ∞         Spirit   .     (no helmet)
rElec  .         Dismiss  .     (no cloak)
rCorr  .         Reflect  .     (no gloves)
SustAt .         Harm     .     (no boots)
MR     .....                    (no amulet)
Stlth  +.........               (no ring)
                                (no ring)

@: very slightly contaminated, rotting, not resistant to hostile enchantments,
very unstealthy
A: rotting body, claws 1, carnivore 3, cold resistance 1, negative energy
resistance 3, slow regeneration 1, torment resistance, unbreathing
a: no special abilities


You were on level 1 of the Dungeon.
You were not hungry.

You visited 1 branch of the dungeon, and saw 1 of its levels.

You collected 8 gold pieces.

Inventory:

Missiles
 b - 47 stones (quivered)
 h - 41 sling bullets
Armour
 e - a +0 buckler (worn)
 g - a +0 leather armour (worn)
Scrolls
 a - 2 scrolls of random uselessness {unknown}
 i - a scroll of enchant armour {unknown}
 k - a scroll of remove curse {unknown}
 m - 2 scrolls of identify {unknown}
Potions
 f - a potion of beneficial mutation {unknown}
 j - a potion of haste {unknown}
 l - a potion of degeneration {unknown}
Books
 c - a book of Geomancy

   Spells                             Type                      Level
   a - Sandblast                      Earth                        1
   b - Passwall                       Transmutation/Earth          2
   c - Stone Arrow                    Conjuration/Earth            3
   d - Petrify                        Transmutation/Earth          4
   e - Lee's Rapid Deconstruction     Earth                        5
Comestibles
 d - a meat ration


   Skills:
 * Level 1.8 Fighting
 * Level 0.0 Armour
 * Level 1.8 Dodging
 - Level 2.1 Stealth
 * Level 0.3 Shields
 - Level 1.7 Spellcasting
   Level 0.8 Transmutations
 - Level 3.2 Earth Magic


You had 3 spell levels left.
You knew the following spells:

 Your Spells              Type           Power        Failure   Level  Hunger
a - Sandblast             Erth           #.....       21%         1    ##.....


Dungeon Overview and Level Annotations

Branches:
Dungeon (1/15)

Altars:


Innate Abilities, Weirdness & Mutations

Your body is rotting away.
You thrive on raw meat.
You are immune to poison.
You have sharp fingernails.
You are carnivorous and can eat meat at any time.
Your flesh is cold resistant.
You are immune to negative energy.
You regenerate slowly when monsters are visible.
You are immune to unholy pain and torment.
You can survive without breathing.


Message History

The blast of sand hits the dart slug.
The dart slug is severely wounded.
The dart slug barely misses you.
Casting: Sandblast
Confirm with . or Enter, or press ? or * to list all spells.
Aiming: Sandblast
Press: ? - help, Shift-Dir - straight line, f/p - dart slug
Aim: a dart slug (severely wounded, clinging)
You miscast Sandblast.
You are very lightly contaminated with residual magic.
You hear a distant rumble.
You scratch the dart slug but do no damage.
The dart slug is severely wounded.
The dart slug launches a dart at you. The slug dart hits you!
* * * LOW HITPOINT WARNING * * *
You scratch the dart slug.
The dart slug is almost dead.
The dart slug bites you.
You die...

....#####...........#
##..#...#.#.#.#.#.#.#
##..#.###...........# ..
..........#.#>#.#.#.#....
#####..###...............
..........#.#.#.#.######
######.#### #.#†#.#
.....#.######.#w#.###...
..##.#..........@........
.....#.###.##.#.#.###....
####.#.# #.##.#.#.# ..
.....#.# #.##...#.#
####.#.###.######.#
............... ..#
..#####.##.### ###
..#...)......#
..#.###.##.#.#


You could see a dart slug.

Vanquished Creatures
  A dart slug (D:1)
  A giant cockroach (D:1)
  2 goblins (D:1)
  2 hobgoblins (D:1)
  A bat (D:1)
  A kobold (D:1)
  A rat (D:1)
9 creatures vanquished.

Notes
Turn   | Place    | Note
--------------------------------------------------------------
     0 | D:1      | Chiseanne the Ghoul Earth Elementalist began the quest for the Orb.
     0 | D:1      | Reached XP level 1. HP: 14/14 MP: 2/2
    69 | D:1      | Reached skill level 1 in Fighting
   147 | D:1      | Reached XP level 2. HP: 10/24 MP: 3/3
   530 | D:1      | HP: 1/24 [dart slug/slug dart (4)]
   531 | D:1      | Slain by a dart slug

Skill      XL: |  1 |
---------------+----+-----
Fighting       | 1 |  1.8
Dodging        | |  1.8
Stealth        | |  2.1
Shields        | |  0.3
Spellcasting   | |  1.7
Transmutations | |  0.8
Earth Magic    | |  3.2

Action                   || total
-------------------------++-------
Melee: Unarmed           ||    76
 Cast: Sandblast         ||     3
  Eat: Chunk             ||     8
Armor: Robe              ||     5
       Leather armour    ||    11
Dodge: Dodged            ||    40
Block: Buckler           ||     9
